 Dungeon Crawl Stone Soup version 0.19.0-2-gae57169 (webtiles) character file.

3211 witty the Zephyrmancer (level 9, -1/52 HPs)
             Began as a Tengu Air Elementalist on Nov 2, 2016.
             Was a Believer of Sif Muna.
             Splashed by Maurice's acid (13 damage)
             ... on level 9 of the Dungeon.
             The game lasted 00:31:34 (8681 turns).

witty the Zephyrmancer (Tengu Air Elementalist)     Turns: 8681, Time: 00:31:35

Health: -1/52      AC:  0    Str:  8    XL:     9   Next: 97%
Magic:  31/33      EV: 14    Int: 20    God:    Sif Muna [**....]
Gold:   284        SH:  0    Dex: 14    Spells: 5 memorised, 6 levels left

rFire  . . .     SeeInvis .     w - staff of power
rCold  . . .     Gourm    .     a - +0 robe
rNeg   + + .     Faith    .     (no shield)
rPois  .         Spirit   .     (helmet restricted)
rElec  .         Reflect  .     (no cloak)
rCorr  .         Harm     .     j - +1 pair of gloves
MR     .....                    (boots unavailable)
Stlth  +++.......               s - amulet of Tempters {+Rage rN++}
                                (no ring)
                                m - ring of wizardry

@: corroded, repel missiles, divine energy
A: beak, talons 3, able to fly 1
a: Fly, Stop Divine Energy, Renounce Religion, Evoke Berserk Rage


You were on level 9 of the Dungeon.
You worshipped Sif Muna.
Sif Muna was pleased with you.
You were not hungry.

You visited 2 branches of the dungeon, and saw 10 of its levels.

You collected 284 gold pieces.

Inventory:

Hand Weapons
 l - a +2 dagger of venom
Missiles
 v - 6 javelins (quivered)
Armour
 a - a +0 robe (worn)
 j - a +1 pair of gloves (worn)
Magical Staves
 w - an uncursed staff of power (weapon)
Jewellery
 g - an uncursed amulet of magic regeneration {unknown}
 m - a ring of wizardry (left hand)
 s - the amulet of Tempters (around neck) {+Rage rN++}
   (You found it on level 4 of the Dungeon)

   [amulet of rage]

   It greatly protects you from negative energy.
   It lets you go berserk.
Wands
 b - a wand of disintegration (4/24)
 x - a wand of slowing (16/48)
Scrolls
 o - 2 scrolls of remove curse
 y - a scroll of magic mapping
 A - 2 scrolls of identify
Potions
 d - a potion of might
 e - 6 potions of curing
 f - a potion of ambrosia {unknown}
 h - a potion of heal wounds {unknown}
 i - 5 potions of flight
 p - a potion of cancellation
 q - 2 potions of brilliance
 r - a potion of cure mutation {unknown}
 t - a potion of invisibility {unknown}
 u - 2 potions of agility
 B - a potion of lignification {unknown}
 C - a potion of degeneration {unknown}
Books
 E - a book of Minor Magic

   Spells                             Type                      Level
   a - Magic Dart                     Conjuration                  1
   b - Blink                          Translocation                2
   c - Call Imp                       Summoning                    2
   d - Repel Missiles                 Charms/Air                   2
   e - Slow                           Hexes                        2
   f - Conjure Flame                  Conjuration/Fire             3
   g - Mephitic Cloud                 Conjuration/Poison/Air       3
Comestibles
 c - 4 bread rations
 k - 2 beef jerkies
 n - 2 slices of pizza
 z - a royal jelly
 D - 13 chunks of flesh


   Skills:
 + Level 4.4 Fighting
 - Level 4.1 Dodging
 - Level 5.0 Stealth
 + Level 5.6 Spellcasting
 + Level 9.6 Conjurations
 + Level 9.8 Air Magic


You had 6 spell levels left.
You knew the following spells:

 Your Spells              Type           Power        Failure   Level  Hunger
a - Shock                 Conj/Air       ####         1%          1    None
b - Repel Missiles        Chrm/Air       ####..       1%          2    None
c - Swiftness             Chrm/Air       ####....     1%          2    None
d - Lightning Bolt        Conj/Air       #####.....   3%          5    #####..
e - Static Discharge      Conj/Air       #####...     1%          3    ##.....


Dungeon Overview and Level Annotations

Branches:
Dungeon (9/15)             Temple (1/1) D:7
   Lair: D:8-11         Orc: D:9-12

Altars:
Dithmenos
Elyvilon
Hepliaklqana
Kikubaaqudgha
Nemelex Xobeh
Qazlal
Ru
Sif Muna

Shops:
D:5 (

Annotations:
D:4 exclusion: downstairs
D:5 exclusion: downstairs
D:6 exclusion: 2 sky beasts, Grinder, Sigmund
D:9 Maurice


Innate Abilities, Weirdness & Mutations

You have a beak for a mouth.
You have claws for feet.
You can fly.


Message History

The bolt of acid misses you.
Some of the chunks of flesh in your inventory have rotted away.
You see here a gnoll corpse.
You butcher the gnoll corpse.
Things that are here:
4 chunks of flesh; a gnoll skeleton
D - 13 chunks of flesh (gained 4) Autopickup is now on.
You hear a zap.
A bolt of acid appears from out of thin air!
Deactivating autopickup; reactivate with Ctrl-A.
The bolt of acid hits you! The acid corrodes you!
You are splashed with acid!
The acid burns!
You hear some strange, mumbled words.
You hear a zap.
A bolt of acid appears from out of thin air!
The bolt of acid hits you!
* * * LOW HITPOINT WARNING * * *
You are splashed with acid!
The acid burns!
You die...

########## #†.......#
#†######.# #.
####.######## #.
#........@..# ..
#.##.#.####.# #.
#...#....###.# ....
#.......##.##
.#.#...##...##.÷.#######
# #### ##.###.#....)..#
#.# #...#####.# #.#
##### #.# ##'# ####.#


There were no monsters in sight!

Vanquished Creatures
  Pikel (D:7)
  A human (D:9)
  A warg (D:9)
  Duvessa (D:6)
  2 black bears
  An ogre (D:8)
  5 centaurs
  3 bullfrogs
  A gnoll sergeant (D:9)
  Dowan (D:6)
  3 scorpions
  5 killer bees
  3 wights (D:8)
  A crimson imp (D:7)
  4 bullfrog zombies
  2 jellies
  3 orc priests
  4 hounds
  4 orc wizards
  A killer bee zombie (D:9)
  5 worker ants
  A hound skeleton (D:7)
  A howler monkey zombie (D:5)
  2 worker ant zombies
  7 gnolls
  A howler monkey skeleton (D:4)
  6 adders
  An adder skeleton (D:7)
  3 dart slugs
  7 leopard geckos
  18 orcs
  8 bats
  17 giant cockroaches
  7 goblins
  7 hobgoblins
  2 quokkas
  A ball python zombie (D:6)
  6 frilled lizards
  7 kobolds
  A quokka skeleton (D:5)
  A quokka zombie (D:8)
  7 rats
163 creatures vanquished.

Notes
Turn   | Place    | Note
-------+----------+-------------------------------------------
     0 | D:1      | witty the Tengu Air Elementalist began the quest for the Orb.
     0 | D:1      | Reached XP level 1. HP: 10/10 MP: 4/4
   371 | D:1      | Reached XP level 2. HP: 15/15 MP: 1/6
   803 | D:1      | Reached XP level 3. HP: 19/19 MP: 3/7
  1358 | D:2      | Found an ancient bone altar of Kikubaaqudgha.
  1508 | D:2      | Reached skill level 1 in Fighting
  1508 | D:2      | Reached XP level 4. HP: 22/25 MP: 2/8
  2344 | D:3      | Gained mutation: You can fly. [Tengu growth]
  2344 | D:3      | Reached XP level 5. HP: 31/32 MP: 9/9
  2545 | D:3      | Found a hazy altar of Hepliaklqana.
  2928 | D:4      | Got a vibrating iron amulet
  2929 | D:4      | Identified the amulet of Tempters {+Rage rN++} (You found it on level 4 of the Dungeon)
  3232 | D:4      | Reached XP level 6. HP: 37/37 MP: 6/10
  3523 | D:5      | Entered Level 5 of the Dungeon
  3574 | D:4      | Learned a level 2 spell: Repel Missiles
  3578 | D:4      | Learned a level 2 spell: Swiftness
  3599 | D:5      | Reached skill level 5 in Conjurations
  3599 | D:5      | Reached skill level 5 in Air Magic
  3684 | D:5      | Noticed a sky beast
  3939 | D:5      | Found Peic's Weapon Shop.
  4008 | D:5      | Reached XP level 7. HP: 30/43 MP: 1/11
  4431 | D:5      | Learned a level 5 spell: Lightning Bolt
  4747 | D:6      | Noticed Sigmund
  4997 | D:6      | Noticed Duvessa
  5041 | D:6      | Killed Duvessa
  5041 | D:6      | Reached XP level 8. HP: 33/48 MP: 6/12
  5077 | D:6      | Noticed Dowan
  5079 | D:6      | Killed Dowan
  5322 | D:6      | Noticed Grinder
  5978 | D:7      | Found a staircase to the Ecumenical Temple.
  6009 | Temple   | Entered the Ecumenical Temple
  6179 | Temple   | Became a worshipper of Sif Muna the Loreminder
  6203 | D:7      | Found a stormy altar of Qazlal.
  6203 | D:7      | Noticed Pikel
  6216 | D:7      | Killed Pikel
  6216 | D:7      | Reached XP level 9. HP: 38/52 MP: 16/16
  6538 | D:7      | Found a sacrificial altar of Ru.
  6675 | D:7      | Learned a level 3 spell: Static Discharge
  7041 | D:8      | Reached skill level 5 in Stealth
  7055 | D:8      | Reached * piety under Sif Muna
  7625 | D:8      | Found a sparkling altar of Nemelex Xobeh.
  7707 | D:8      | Reached skill level 5 in Spellcasting
  8095 | D:9      | Reached ** piety under Sif Muna
  8649 | D:9      | Noticed Maurice
  8681 | D:9      | Splashed by Maurice's acid

Skill      XL: |  1  2  3  4  5  6  7  8  9 |
---------------+----------------------------+-----
Conjurations   | 2 3 4 5 6 8 9 |  9.6
Fighting       | 1 2 3 4 |  4.4
Dodging        | 3 4 |  4.1
Air Magic      | 5 6 8 9 |  9.8
Stealth        | 4 5 |  5.0
Spellcasting   | 4 5 |  5.6

Action                   |  1- 3 |  4- 6 |  7- 9 || total
-------------------------+-------+-------+-------++-------
Melee: Unarmed           |    40 |     3 |       ||    43
       Peck              |     8 |    14 |     9 ||    31
       Kick              |    11 |     9 |     5 ||    25
       Dagger            |       |    66 |    29 ||    95
       Staff             |       |       |    15 ||    15
 Cast: Shock             |    73 |    77 |   221 ||   371
       Repel Missiles    |       |     1 |     2 ||     3
       Static Discharge  |       |       |     9 ||     9
Invok: Divine Energy     |       |       |     1 ||     1
 Abil: Fly               |       |     1 |     5 ||     6
Evoke: Wand              |       |     1 |     1 ||     2
  Use: Scroll            |     5 |     7 |     6 ||    18
 Stab: Sleeping          |       |     4 |     2 ||     6
  Eat: Chunk             |     3 |     5 |    12 ||    20
       Bread ration      |       |     1 |     1 ||     2
Armor: Robe              |    16 |    13 |    21 ||    50
Dodge: Dodged            |    35 |    56 |   122 ||   213
       Deflected         |       |     3 |     9 ||    12
